 Dungeon Crawl Stone Soup version 0.21-a0-404-g291f19a (webtiles) character file.

209 tof the Slasher (level 5, 0/47 HPs)
             Began as a Minotaur Monk on Oct 29, 2017.
             Slain by a worker ant (5 damage)
             ... on level 6 of the Dungeon.
             The game lasted 00:04:49 (2753 turns).

tof the Slasher (Minotaur Monk)                     Turns: 2753, Time: 00:04:50

Health: 0/47       AC: -13   Str: 17    XL:     5   Next: 55%
Magic:  4/4        EV: 12    Int:  7    God:
Gold:   68         SH:  0    Dex: 12    Spells: 4/4 levels left

rFire    + . .     SeeInvis .   a - +0 falchion
rCold    . . .     Gourm    .   (no shield)
rNeg     . . .     Faith    .   g - +0 ring mail
rPois    .         Spirit   .   d - +1 hat
rElec    .         Reflect  .   l - scarf {repulsion}
rCorr    .         Harm     .   (no gloves)
MR       .....                  (no boots)
Stlth    +.........             (no amulet)
HPRegen  0.15/turn              h - ring of protection from fire
MPRegen  0.09/turn              (no ring)

@: lethally poisoned (0 -> -5), corroded, repel missiles
A: retaliatory headbutt, horns 2
a: no special abilities


You were on level 6 of the Dungeon.
You were not hungry.

You visited 1 branch of the dungeon, and saw 4 of its levels.

You collected 68 gold pieces.

Inventory:

Hand Weapons
 a - a +0 falchion (weapon)
Armour
 d - a +1 hat (worn)
 g - a +0 ring mail (worn)
 l - a scarf of repulsion (worn)
Jewellery
 h - a ring of protection from fire (left hand)
 q - a +5 ring of intelligence {unknown}
Scrolls
 e - a scroll of identify {unknown}
 f - 4 scrolls of teleportation {unknown}
 j - a scroll of fear {unknown}
 k - 3 scrolls of remove curse {unknown}
 n - a scroll of amnesia {unknown}
 o - a scroll of enchant armour {unknown}
 p - 2 scrolls of recharging {unknown}
Potions
 i - a potion of mutation {unknown}
 m - a potion of agility {unknown}
Comestibles
 b - 2 royal jellies
 c - 4 bread rations


   Skills:
 + Level 4.5 Fighting
 * Level 5.3 Long Blades
 * Level 3.4 Armour
 + Level 4.1 Dodging
 - Level 1.5 Stealth


You had 4 spell levels left.
You didn't know any spells.

Dungeon Overview and Level Annotations

Branches:
Dungeon (3/15)

Altars:
Makhleb
Uskayaw


Innate Abilities, Weirdness & Mutations

You reflexively headbutt those who attack you in melee.
You have a pair of horns on your head.


Message History

The jelly closely misses you.
You hit the jelly but do no damage.
Your hands burn!
* * * LOW HITPOINT WARNING * * *
You headbutt the jelly.
You kill the jelly!
You hit the worker ant. You headbutt the worker ant.
The worker ant is lightly wounded.
The worker ant bites you.
* * * LOW HITPOINT WARNING * * *
You closely miss the worker ant.
The worker ant is lightly wounded.
The worker ant bites you.
* * * LOW HITPOINT WARNING * * *
You hit the worker ant but do no damage.
The worker ant is lightly wounded.
The worker ant bites you.
* * * LOW HITPOINT WARNING * * *
You are lethally poisoned!
The worker ant poisons you! The worker ant bites you.
You die...

# ##. #.# #.#
#@## ##a## #..#
#.........
..........#
............#
...a#####?###.#
###. .# # # .#


You could see a worker ant.

Vanquished Creatures
  A jelly (D:6)
  A hound (D:3)
  An orc priest (D:3)
  A gnoll (D:1)
  3 adders
  An ooze (D:3)
  2 worms
  6 orcs (D:3)
  A ball python (D:3)
  4 giant cockroaches
  7 goblins
  8 hobgoblins
  4 kobolds
  2 quokkas
  8 bats
  4 frilled lizards
  17 rats
71 creatures vanquished.

Notes
Turn   | Place    | Note
-------+----------+-------------------------------------------
     0 | D:1      | tof the Minotaur Monk began the quest for the Orb.
     0 | D:1      | Reached XP level 1. HP: 19/19 MP: 0/0
   179 | D:1      | Reached skill level 1 in Armour
   179 | D:1      | Reached XP level 2. HP: 27/27 MP: 1/1
   294 | D:1      | Reached skill level 4 in Long Blades
   591 | D:1      | Reached XP level 3. HP: 26/33 MP: 2/2
  1076 | D:3      | Reached XP level 4. HP: 40/40 MP: 3/3
  1654 | D:2      | Found a hide-covered altar of Uskayaw.
  2238 | D:3      | Reached XP level 5. HP: 47/47 MP: 4/4
  2266 | D:3      | Reached skill level 5 in Long Blades
  2355 | D:3      | Found a burning altar of Makhleb.
  2739 | D:3      | You fall through a shaft for 3 floors!
  2753 | D:6      | Slain by a worker ant

Vault maps used:
D:1:      dpeg_arrival_ratfight, feat_on_display
D:2:      lemuel_crystal_altar
D:3:      makhleb_heckhound_becter, first_bread
D:6:      grunt_dithmenos_smoke_and_mirrors, serial_shops, shop

Skill      XL: |  1  2  3  4  5 |
---------------+----------------+-----
Armour         | 1 2 3 |  3.4
Long Blades    | 4 5 |  5.3
Fighting       | 4 |  4.5
Dodging        | 4 |  4.1
Stealth        | |  1.5

Action                   |  1- 3 |  4- 6 || total
-------------------------+-------+-------++-------
Melee: Falchion          |    59 |    91 ||   150
       Headbutt          |    12 |    16 ||    28
 Stab: Sleeping          |     2 |       ||     2
  Eat: Chunk             |     1 |     5 ||     6
Armor: Ring mail         |    18 |    38 ||    56
       Leather armour    |     1 |       ||     1
Dodge: Dodged            |    46 |    64 ||   110
       Deflected         |       |     2 ||     2
       Rpst.: Falchion   |    17 |    19 ||    36

Table legend:
 A = Spawn XP
 B = Non-spawn XP
 C = Spawn XP percentage of total XP
 D = Spawn monster count
 E = Non-spawn monster count
 F = Spawn count percentage of total count
 G = Total turns spent on level
                    A         B        C        D         E        F      G
               +---------+---------+-------+---------+---------+-------+---------
         Total |       0 |     299 |   0.0 |       0 |      71 |   0.0 |  2753
               +---------+---------+-------+---------+---------+-------+---------
           D:1 |       0 |      48 |   0.0 |       0 |      24 |   0.0 |   845
           D:2 |       0 |      45 |   0.0 |       0 |      20 |   0.0 |   509
           D:3 |       0 |     161 |   0.0 |       0 |      26 |   0.0 |  1385
           D:6 |       0 |      45 |   0.0 |       0 |       1 |   0.0 |    14
               +---------+---------+-------+---------+---------+-------+---------
